 Dungeon Crawl Stone Soup version 0.21.1-1-g345015f (webtiles) character file.

239 inc the Ducker (level 5, -3/22 HPs)
             Began as a Felid Transmuter on Mar 5, 2018.
             Slain by a river rat (5 damage)
             ... on level 4 of the Dungeon.
             The game lasted 00:07:11 (4053 turns).

inc the Ducker (Felid Transmuter)                   Turns: 4053, Time: 00:07:11

Health: -3/22      AC:  2    Str:  8    XL:     5   Next: 79%
Magic:  8/9        EV: 28    Int: 15    God:
Gold:   73         SH:  0    Dex: 21    Spells: 2/8 levels left
                                        Lives:  0   Deaths: 1

rFire    . . .     SeeInvis +     - Unarmed
rCold    . . .     Gourm    .   (shield unavailable)
rNeg     . . .     Faith    .   (armour unavailable)
rPois    x         Spirit   .   (helmet unavailable)
rElec    .         Reflect  .   (cloak unavailable)
rCorr    +         Harm     .   (gloves unavailable)
MR       .....                  (boots unavailable)
Stlth    +.........             (no amulet)
HPRegen  0.07/turn              n - ring of resist corrosion
MPRegen  0.11/turn              (no ring)

@: spider-form (expiring), very slow
A: tiny, no armour, no weapons or thrown items, stealth, see invisible,
carnivore, slow metabolism 1
a: End Transformation


You were on level 4 of the Dungeon.
You were not hungry.
You were a venomous arachnid creature.
You visited 1 branch of the dungeon, and saw 5 of its levels.

You collected 73 gold pieces.

Inventory:

Missiles
 a - 49 arrows
Jewellery
 n - a ring of resist corrosion (left front leg)
Scrolls
 f - a scroll of noise {unknown}
 i - a scroll of teleportation {unknown}
 j - a scroll of fog {unknown}
 k - 3 scrolls of identify {unknown}
 l - 2 scrolls of remove curse
 m - a scroll of immolation
 o - 2 scrolls of random uselessness {unknown}
 p - a scroll of amnesia {unknown}
Potions
 d - a potion of curing {unknown}
 e - 2 potions of magic {unknown}
 g - a potion of agility {unknown}
 h - a potion of lignification {unknown}
Books
 b - a book of Changes

   Spells                             Type                      Level
   a - Beastly Appendage              Transmutation                1
   b - Sticks to Snakes               Transmutation                2
   c - Spider Form                    Transmutation/Poison         3
   d - Ice Form                       Ice/Transmutation            4
   e - Blade Hands                    Transmutation                5
Comestibles
 c - 8 rations


   Skills:
 - Level 1.0 Fighting
 - Level 7.4 Dodging
 - Level 3.0 Unarmed Combat
 - Level 2.0 Spellcasting
 - Level 3.8 Transmutations
 + Level 2.1 Poison Magic


You had 2 spell levels left.
You knew the following spells:

 Your Spells              Type           Power        Failure   Level  Hunger
a - Beastly Appendage     Tmut           ##....       14%         1    #......
b - Sticks to Snakes      Tmut           ##......     19%         2    ###....
c - Spider Form           Tmut/Pois      ##........   38%         3    ###....


Dungeon Overview and Level Annotations

Branches:
Dungeon (5/15)
 Temple: D:4-7

Altars:

Annotations:
D:3 letownia2's ghost, weakling TeWz


Innate Abilities, Weirdness & Mutations

You cannot wear armour.
You are incapable of wielding weapons or throwing items.
Your paws allow you to move quietly. (Stealth)
((You have sharp claws.))
((You have razor-sharp teeth.))
You have supernaturally acute eyesight. (SInv)
You are carnivorous and can eat meat at any time.
((You cover ground quickly.))
((You are covered in thick fur. (AC +2)))
You have a slow metabolism.
((Your sharp claws are effective at attacking unaware monsters.))


Message History

Your unstable footing causes you to fumble your attack.
You kill the worm!
A rat comes into view.
A river rat and a worm come into view.
You hit the rat but do no damage.
The rat is poisoned.
The river rat bites you. The rat completely misses you.
You hit the rat but do no damage.
The rat is severely wounded.
The river rat completely misses you. The rat bites you.
You hit the river rat but do no damage.
The river rat is poisoned.
You kill the rat!
The river rat bites you!
Your unstable footing causes you to fumble your attack.
Your transformation is almost over.
The river rat bites you!
* * * LOW HITPOINT WARNING * * *
Unknown command.
The river rat closely misses you.
The river rat looks more healthy.
The river rat bites you.
You die...

####..# ≈# #(....##
≈# #......# ##w
##.....# #≈≈ #
##.#.#.# #≈##≈#
#......# #†≈≈≈#
##.).#.# #≈#≈####
#......# #≈≈≈≈r≈#
###†##.########s#
#...÷≈≈≈≈≈≈≈≈≈# #
#....≈≈#≈#≈#####
#.#.#.#.≈.≈≈≈≈≈..#
###...##.....≈....#
..................#
..............##.##
####.###÷#.###.......
#.# #.##.# ######.


You could see a river rat.

Vanquished Creatures
  An ogre (D:4)
  An orc priest (D:3)
  An orc wizard (D:2)
  2 worker ants (D:4)
  A gnoll (D:1)
  5 adders
  An ooze (D:2)
  3 worms
  3 dart slugs
  3 leopard geckos
  2 orcs (D:2)
  A ball python (D:2)
  6 giant cockroaches
  3 hobgoblins
  7 jackals
  A quokka (D:2)
  8 bats
  6 frilled lizards
  7 goblins
  2 kobolds
  8 rats
72 creatures vanquished.

Vanquished Creatures (collateral kills)
  A scorpion (D:3)
  2 rats (D:4)
3 creatures vanquished.

Grand Total: 75 creatures vanquished

Notes
Turn   | Place    | Note
-------+----------+-------------------------------------------
     0 | D:1      | inc the Felid Transmuter began the quest for the Orb.
     0 | D:1      | Reached XP level 1. HP: 9/9 MP: 4/4
    23 | D:1      | Reached skill level 3 in Dodging
   243 | D:1      | Reached XP level 2. HP: 4/12 MP: 4/6
   497 | D:1      | Reached skill level 4 in Dodging
   679 | D:1      | Reached XP level 3. HP: 15/15 MP: 5/7
  1121 | D:2      | Reached skill level 5 in Dodging
  1528 | D:2      | Reached XP level 4. HP: 19/19 MP: 8/8
  1756 | D:3      | Reached skill level 6 in Dodging
  1892 | D:3      | Noticed letownia2's ghost (weakling TeWz)
  2640 | D:2      | Reached skill level 7 in Dodging
  2640 | D:2      | Reached XP level 5. HP: 10/22 MP: 7/9
  2941 | D:2      | Learned a level 2 spell: Sticks to Snakes
  3655 | D:5      | Entered Level 5 of the Dungeon
  3744 | D:4      | Noticed an ogre
  3749 | D:4      | Gained mutation: You are covered in thick fur. (AC +2) [Felid growth]
  3749 | D:4      | Reached XP level 6. HP: 25/25 MP: 7/10
  3766 | D:4      | Slain by an ogre
  3767 | D:4      | Reached XP level 5. HP: -2/22 MP: 2/9
  3808 | D:4      | Noticed a phantom
  3812 | D:4      | Noticed an ogre
  3848 | D:4      | Learned a level 3 spell: Spider Form
  3853 | D:4      | Killed an ogre
  3853 | D:4      | Reached skill level 1 in Poison Magic
  4050 | D:4      | HP: 1/22 [river rat (7)]
  4053 | D:4      | Slain by a river rat

Skill      XL: |  1  2  3  4  5 |
---------------+----------------+-----
Dodging        | 3 4 5 7 |  7.4
Transmutations | 3 |  3.8
Poison Magic   | 2 |  2.1
Fighting       | |  1.0
Unarmed Combat | |  3.0
Spellcasting   | |  2.0

Action                   |  1- 3 |  4- 6 || total
-------------------------+-------+-------++-------
Melee: Unarmed           |   115 |   140 ||   255
       Bite              |    14 |    11 ||    25
       Headbutt          |     6 |    18 ||    24
       Punch             |     1 |     2 ||     3
 Cast: Beastly Appendage |    11 |    15 ||    26
       Sticks to Snakes  |       |     7 ||     7
       Spider Form       |       |     3 ||     3
  Use: Scroll            |       |     2 ||     2
 Stab: Sleeping          |     5 |     5 ||    10
  Eat: Chunk             |     5 |    11 ||    16
Armor: Skin              |     8 |     7 ||    15
Dodge: Dodged            |    93 |   162 ||   255
